 Dungeon Crawl Stone Soup version 0.19-a0-607-g42021f0 (webtiles) character file.

63 mistymad the Vexing (level 3, -2/26 HPs)
             Began as a Vampire Enchanter on June 11, 2016.
             Slain by Natasha (4 damage)
             ... on level 2 of the Dungeon on June 12, 2016.
             The game lasted 00:06:03 (1794 turns).

mistymad the Vexing (Vampire Enchanter)             Turns: 1794, Time: 00:06:03

Health: -2/26      AC:  4    Str:  7    XL:     3   Next: 87%
Magic:  2/6        EV: 13    Int: 17    God:
Gold:   81         SH:  0    Dex: 15    Spells: 3 memorised, 0 levels left

rFire  . . .     SeeInvis +     a - +1 dagger
rCold  + . .     Gourm    .     b - +1 robe
rNeg   + + .     Faith    .     (no shield)
rPois  +         Spirit   .     (no helmet)
rElec  .         Dismiss  .     (no cloak)
rCorr  .         Reflect  .     (no gloves)
SustAt .         Harm     .     q - +0 pair of boots
MR     .....                    (no amulet)
Stlth  +++.......               (no ring)
                                (no ring)

@: very slightly contaminated, regenerating slowly, not resistant to hostile
enchantments, fairly stealthy
A: fangs 3, see invisible, unbreathing
a: Bat Form


You were on level 2 of the Dungeon.
You were thirsty.

You visited 1 branch of the dungeon, and saw 2 of its levels.

You collected 81 gold pieces.

Inventory:

Hand Weapons
 a - a +1 dagger (weapon)
Armour
 b - a +1 robe (worn)
 q - a +0 pair of boots (worn)
Jewellery
 i - an uncursed ring of wizardry {unknown}
 k - an uncursed ring of positive energy {unknown}
 n - a cursed -2 ring of evasion {unknown}
 p - an uncursed ring of positive energy {unknown}
 v - a cursed ring of teleportation {unknown}
Wands
 l - a wand of slowing (17/48)
Scrolls
 e - a scroll of recharging {unknown}
 f - a scroll of fear {unknown}
 m - a scroll of remove curse {unknown}
 o - 3 scrolls of identify {unknown}
 s - 2 scrolls of enchant armour {unknown}
Potions
 d - 9 potions of blood
 g - 2 potions of flight {unknown}
 h - 2 potions of berserk rage {unknown}
 j - a potion of invisibility
 r - a potion of curing {unknown}
 t - a potion of haste {unknown}
 u - 2 potions of degeneration {unknown}
Books
 c - a book of Maledictions

   Spells                             Type                      Level
   a - Corona                         Hexes                        1
   b - Ensorcelled Hibernation        Hexes/Ice                    2
   c - Confuse                        Hexes                        3
   d - Tukima's Dance                 Hexes                        3
   e - Dazzling Spray                 Conjuration/Hexes            3


   Skills:
 + Level 1.1 Fighting
 + Level 2.1 Short Blades
 + Level 2.6 Dodging
 + Level 4.8 Stealth
 + Level 2.2 Spellcasting
 + Level 5.0 Hexes


You couldn't memorise any spells.
You knew the following spells:

 Your Spells              Type           Power        Failure   Level  Hunger
a - Corona                Hex            ###....      2%          1    #......
b - Ensorcelled Hibernat  Hex/Ice        ##....       12%         2    ###....
c - Confuse               Hex            ###.....     10%         3    ###....


Dungeon Overview and Level Annotations

Branches:
Dungeon (2/15)

Altars:
Cheibriados
Dithmenos
Elyvilon
Nemelex Xobeh
Pakellas
Sif Muna
Uskayaw

Annotations:
D:2 Natasha


Innate Abilities, Weirdness & Mutations

You heal slowly.
You have razor-sharp teeth.
You have supernaturally acute eyesight. (SInv)
You can survive without breathing.


Message History

Natasha seems less confused.
The white imp gestures at you. The puff of frost hits you! You resist.
* * * LOW HITPOINT WARNING * * *
Natasha howls an incantation.
Natasha glows brightly for a moment.
Natasha claws you.
* * * LOW HITPOINT WARNING * * *
You take 4 damage, and have 2/26 hp.
Casting: Confuse
Confirm with . or Enter, or press ? or * to list all spells.
Aiming: Confuse
Press: ? - help, Shift-Dir - straight line, f/p - Natasha
Aim: Natasha (severely wounded, chance to defeat MR: 50%)
You miscast Confuse.
You are very lightly contaminated with residual magic.
Nothing appears to happen.
The white imp disappears in a puff of smoke!
Natasha claws you.
You die...

##.# #..# #### #.## ##...## #.#
....... ############.####
._..._.## #...........>....
.....%..# #.#####<.#####.##
...8....# ##.##.##..#####.#
........######@...>.......##.#
._..._.......h.ยง.......##.##.#
.......########.#####........#
#.....# #..<.......#..## ......
#.##.##.##.((.# ###.#
#.##.##.##.##.# #.
#.......##.##.### #
####.#####....... ..# #.##.##.


You could see Natasha.

Vanquished Creatures
  2 adders (D:2)
  2 dart slugs
  A giant gecko (D:1)
  2 bats
  2 giant cockroaches (D:2)
  7 goblins
  4 hobgoblins (D:1)
  2 jackals (D:1)
  6 kobolds
  A quokka (D:2)
  A ball python (D:2)
  5 giant newts (D:1)
  4 rats
39 creatures vanquished.

Notes
Turn   | Place    | Note
--------------------------------------------------------------
     0 | D:1      | mistymad the Vampire Enchanter began the quest for the Orb.
     0 | D:1      | Reached XP level 1. HP: 13/13 MP: 3/3
     0 | D:1      | Upgraded the game from 0.19-a0-599-g723c685 to 0.19-a0-607-g42021f0
   289 | D:1      | Reached skill level 1 in Fighting
   289 | D:1      | Reached XP level 2. HP: 21/21 MP: 5/5
   314 | D:1      | Learned a level 2 spell: Ensorcelled Hibernation
  1205 | D:2      | Reached XP level 3. HP: 26/26 MP: 6/6
  1210 | D:2      | Learned a level 3 spell: Confuse
  1290 | D:2      | Reached skill level 5 in Hexes
  1394 | D:2      | Found a sparkling altar of Nemelex Xobeh.
  1396 | D:2      | Found a shadowy altar of Dithmenos.
  1403 | D:2      | Found a deep blue altar of Sif Muna.
  1731 | D:2      | Found a snail-covered altar of Cheibriados.
  1735 | D:2      | Found a white marble altar of Elyvilon.
  1735 | D:2      | Found a hide-covered altar of Uskayaw.
  1735 | D:2      | Found an oddly glowing altar of Pakellas.
  1735 | D:2      | Noticed Natasha
  1794 | D:2      | Slain by Natasha

Vault maps used:
D:1:      nagdon_arrival_zigzag_paths, kennysheep_small_spiral, minmay_newt_pond
D:2:      grunt_temple_overflow_open, minitemple,
          nicolae_gozag_cash_rules_everything_around_me, uniq_natasha

Skill      XL: |  1  2  3 |
---------------+----------+-----
Fighting       | 1 |  1.1
Short Blades   | 2 |  2.1
Hexes          | 5 |  5.0
Dodging        | |  2.6
Stealth        | |  4.8
Spellcasting   | |  2.2

Action                   || total
-------------------------++-------
Melee: Dagger            ||   154
       Bite              ||     8
 Cast: Ensorcelled Hiber ||     6
       Corona            ||     2
       Confuse           ||     1
  Use: Potion            ||     2
 Stab: Sleeping          ||    15
       Distracted        ||     1
Armor: Robe              ||    24
Dodge: Dodged            ||    82
